 Dungeon Sprint DCSS version 0.29.1-12-g30fa7ad0bf (webtiles) character file.

Game seed: 8715545431528210080

1164 Groucho the Unseen (level 8, -5/43 HPs)
             Began as a Spriggan Enchanter on Dec 24, 2022.
             Was an Initiate of Dithmenos.
             Slain by an iron elemental (37 damage)
             ... in the Dungeon (Sprint II: "The Violet Keep of Menkaure").
             The game lasted 00:05:44 (315 turns).

Groucho the Unseen (Spriggan Enchanter)              Turns: 315, Time: 00:05:45

Health: -5/43      AC:  2    Str:  6    XL:     8   Next: 17%
Magic:  22/22      EV: 22    Int: 16    God:    Dithmenos [......]
Gold:   20         SH:  0    Dex: 16    Spells: 12/25 levels left

rFire   . . .      SeeInvis +   a - +1 dagger
rCold   . . .      Faith    .   (no shield)
rNeg    . . .      Spirit   .   b - +0 robe
rPois   .          Reflect  .   (helmet restricted)
rElec   .          Harm     .   (no cloak)
rCorr   .          Rampage  .   (gloves unavailable)
Will    +....      NoTele   +   (boots unavailable) Stlth *+++++++++
                                (no amulet)
HPRegen 0.14/turn               f - ring of Shadows {Umbra +Inv Stlth+}
MPRegen 0.18/turn               (no ring)

@: wreathed by umbra, invisible, very quick
A: very small, no large weapons, unfitting armour, see invisible, speed 3
a: Renounce Religion, Evoke Invisibility


You were in the Dungeon.
You worshipped Dithmenos.
Dithmenos was noncommittal.
You visited 1 branch You collected 972 gold pieces.
You spent 952 gold pieces at shops.

Inventory:

Hand Weapons
 a - a +1 dagger (weapon)
Armour
 b - a +0 robe (worn)
Jewellery
 f - the ring of Shadows (left hand) {Umbra +Inv Stlth+}
   (You bought it in a shop in the Dungeon)

   [ring of stealth]

   It surrounds you with an aura of shadow, increasing your stealth and reducing
   the accuracy of all others within it.
   +Inv:      It lets you turn invisible.
   Stlth:     It makes you more stealthy.
Scrolls
 i - a scroll of blinking
Potions
 d - a potion of curing
 e - a potion of heal wounds
 g - 2 potions of magic
 h - a potion of berserk rage


   Skills:
 + Level 5.1 Fighting
 + Level 6.9 Short Blades
 + Level 8.5 Dodging
 - Level 16.0 Stealth
 + Level 9.1 Spellcasting
 * Level 0.0 Conjurations
 + Level 9.5 Hexes
 * Level 0.0 Earth Magic
 + Level 0.0 Evocations


You had 12 spell levels left.
You knew the following spells:

 Your Spells              Type           Power      Damage    Failure   Level
a - Ensorcelled Hibernat  Hex/Ice        44%        N/A       2%          2
b - Confusing Touch       Hex            37%        N/A       1%          3
c - Dazzling Flash        Conj/Hex       44%        N/A       4%          3
d - Passwall              Tmut/Erth      5%         N/A       16%         2
e - Tukima's Dance        Hex            37%        N/A       1%          3

Your spell library contained the following spells:

 Spells                   Type           Power      Damage    Failure   Level
 Swiftness                Air            7%         N/A       30%         3


Dungeon Overview and Level Annotations

Branches:
Dungeon (1/1)

Altars:
Cheibriados
Dithmenos
Elyvilon
Fedhas
Gozag
Hepliaklqana
Kikubaaqudgha
Makhleb
Nemelex Xobeh
Okawaru
Qazlal
Ru
Sif Muna
Trog
Uskayaw
Vehumet
Wu Jian
Xom
Yredelemnul
Zin
The Shining One
Jiyva
Lugonu

Shops:
D !:![==:[!!([:(?

Annotations:
D exclusion: oklob plant


Innate Abilities, Weirdness & Mutations

You are very small and have problems with some larger weapons.
You are too small for most types of armour.
You have supernaturally acute eyesight. (SInv)
You cover ground extremely quickly. (Speed+++)


Message History

There is a sacrificial altar of Ru here.
There is a stormy altar of Qazlal here.
Found a silvery potion and 3 potions of magic.
You open the door.
There is an open door here.
You enter the shallow water.
Moving in this stuff is going to be slow.
You open the door.
An iron elemental comes into view.
Found 81 gold pieces.
Found a scroll labelled KOLAYZ ARYNIT and a glass wand.
There is an open door here.
The helpless iron elemental fails to defend itself.
You perforate the iron elemental like a sieve!!!!
The iron elemental is almost destroyed.
The iron elemental gestures at you. You resist with some effort.
Unknown command.
You enter the shallow water.
Moving in this stuff is going to be slow.
Really walk into a travel-excluded area?
Okay, then.
You are engulfed in a cloud of scalding steam.
The stone wall disappears!
You are engulfed in a cloud of scalding steam.
Okay, then.
Press: ? - help, v - describe, . - travel
Here: an iron elemental (steam, almost destroyed, umbra)
The floor.
Unknown command.
You fade into invisibility!
You are engulfed in a cloud of scalding steam.
Okay, then.
You hit the iron elemental but do no damage.
The iron elemental is almost destroyed.
You hit the iron elemental but do no damage.
The iron elemental is almost destroyed.
The iron elemental hits you!!!
Ouch! That really hurt!
You die...

~.# +## #. ~# #.##.#### .### ~#
##††# ...# ...# ##
#..####..#####..#
.###'###.##..#$.E..# !!
..##.##.#.#..#/?#..# #▓?$[!$!$
##'.<.'###'..####..##.#▓$?[$?$?
†.##.##.#.#....###...##▓▓▓▓▓▓▓+
.###'###.##.....@E~~~~~~~~~~~~
###...####~~.....~#'########+##
~#.##..#~~§~~~~.§~#.._.....#~~~
~## ####~~§§~~§~§~#._._....#~~≈
~~# #~~~§≈≈~~~~§#_._._...#~~§
~~ ~~~~§§≈≈§≈~~~#._._._..#~§S
+++#~§≈§≈§≈≈~#_._._._.#§§§
##§≈≈###≈≈#._._._._#~S~ ##≈§
#≈≈#_._._._.#~§≈


You could see an iron elemental (unable to see you).

Vanquished Creatures
  2 wyverns (D)
  4 neqoxecs (D)
  Menkaure (D)
  4 scorpions (D)
  2 worms (D)
13 creatures vanquished.

Vanquished Creatures (others)
  A water moccasin (D)
1 creature vanquished.

Grand Total: 14 creatures vanquished

Notes
Turn   | Place    | Note
-------+----------+-------------------------------------------
     0 | D        | Groucho the Spriggan Enchanter began the quest for the Orb.
     0 | D        | Reached XP level 1. HP: 9/9 MP: 5/5
     3 | D        | Noticed a scorpion
     3 | D        | Noticed a scorpion
     3 | D        | Noticed a scorpion
     3 | D        | Noticed a scorpion
     6 | D        | Killed a scorpion
     7 | D        | Reached skill level 9 in Stealth
     7 | D        | Reached skill level 5 in Spellcasting
     7 | D        | Reached skill level 5 in Hexes
     7 | D        | Reached XP level 2. HP: 13/13 MP: 6/9
     7 | D        | Reached XP level 3. HP: 16/16 MP: 6/10
     7 | D        | Killed a scorpion
     8 | D        | Reached skill level 1 in Fighting
     8 | D        | Reached skill level 10 in Stealth
     8 | D        | Reached XP level 4. HP: 22/22 MP: 6/12
    10 | D        | Killed a scorpion
    11 | D        | Reached skill level 11 in Stealth
    11 | D        | Reached XP level 5. HP: 26/26 MP: 6/14
    13 | D        | Reached skill level 5 in Dodging
    23 | D        | Reached skill level 12 in Stealth
    28 | D        | Noticed a wyvern
    28 | D        | Noticed a wyvern
    31 | D        | Killed a wyvern
    32 | D        | Reached skill level 13 in Stealth
    32 | D        | Reached XP level 6. HP: 32/32 MP: 7/17
    36 | D        | Noticed a neqoxec
    36 | D        | Noticed a neqoxec
    36 | D        | Noticed a neqoxec
    36 | D        | Noticed a neqoxec
    38 | D        | Killed a neqoxec
    39 | D        | Reached skill level 5 in Short Blades
    40 | D        | Killed a neqoxec
    41 | D        | Reached skill level 14 in Stealth
    41 | D        | Reached XP level 7. HP: 37/37 MP: 8/19
    42 | D        | Killed a neqoxec
    43 | D        | Reached skill level 15 in Stealth
    45 | D        | Killed a neqoxec
    55 | D        | Learned a level 2 spell: Ensorcelled Hibernation
    59 | D        | Learned a level 3 spell: Confusing Touch
    63 | D        | Killed a wyvern
    64 | D        | Reached skill level 5 in Fighting
    64 | D        | Reached XP level 8. HP: 43/43 MP: 8/22
   154 | D        | Found Wifac's Book Boutique.
   154 | D        | Found Sazuaf's Magic Scroll Boutique.
   154 | D        | Found Ygomi's Antique Armour Shop.
   155 | D        | Found Seadyzio's Antique Weapon Shop.
   155 | D        | Found Rowk's Distillery.
   155 | D        | Found Gies's Distillery.
   155 | D        | Found Maag's Antique Armour Boutique.
   156 | D        | Found Nemnoj's Jewellery Boutique.
   156 | D        | Found Sayggor's Jewellery Shop.
   157 | D        | Found Capnusez's Weapon Shop.
   157 | D        | Found Uxosyts's Book Boutique.
   158 | D        | Found Tethruq's Antique Armour Boutique.
   158 | D        | Found Cuaripav's Distillery.
   158 | D        | Noticed Menkaure
   158 | D        | Noticed an oklob plant
   175 | D        | Killed Menkaure
   176 | D        | Reached skill level 16 in Stealth
   182 | D        | Learned a level 3 spell: Dazzling Flash
   182 | D        | Found Ibaulag's Book Shoppe.
   182 | D        | Found Isoidodu's Distillery.
   183 | D        | Noticed a polar bear
   184 | D        | Noticed a polar bear
   187 | D        | Noticed a manticore
   188 | D        | Noticed a manticore
   189 | D        | Noticed a manticore
   204 | D        | Bought an embroidered scarf for 232 gold pieces
   211 | D        | Bought the ring of Shadows {Umbra +Inv Stlth+} for 480 gold
                  | pieces
   211 | D        | Found the ring of Shadows {Umbra +Inv Stlth+}
   234 | D        | Bought a book of Burglary for 240 gold pieces
   237 | D        | Learned a level 2 spell: Passwall
   241 | D        | Learned a level 3 spell: Tukima's Dance
   263 | D        | Found a stormy altar of Qazlal.
   263 | D        | Found an ornate altar of the Wu Jian Council.
   264 | D        | Found a hazy altar of Hepliaklqana.
   264 | D        | Found a sacrificial altar of Ru.
   264 | D        | Found a shimmering altar of Xom.
   265 | D        | Found a glowing golden altar of the Shining One.
   267 | D        | Found a viscous altar of Jiyva.
   267 | D        | Found a shimmering blue altar of Sif Muna.
   267 | D        | Found a basalt altar of Yredelemnul.
   270 | D        | Found an ancient bone altar of Kikubaaqudgha.
   270 | D        | Found a snail-covered altar of Cheibriados.
   270 | D        | Found a bloodstained altar of Trog.
   270 | D        | Found a glowing silver altar of Zin.
   272 | D        | Found a corrupted altar of Lugonu.
   272 | D        | Found a shadowy altar of Dithmenos.
   272 | D        | Found a hide-covered altar of Uskayaw.
   273 | D        | Found a burning altar of Makhleb.
   273 | D        | Found a white marble altar of Elyvilon.
   273 | D        | Found a radiant altar of Vehumet.
   278 | D        | Found a blossoming altar of Fedhas.
   278 | D        | Found an opulent altar of Gozag.
   278 | D        | Found a sparkling altar of Nemelex Xobeh.
   278 | D        | Found an iron altar of Okawaru.
   284 | D        | Became a worshipper of Dithmenos the Shadowed
   301 | D        | Noticed an iron elemental
   315 | D        | Slain by an iron elemental

Illustrated notes

Levels and vault maps discovered:
D:        the_violet_keep_of_menkaure [sprint2_stairs_cluster_1,
          sprint2_shoproom, sprint2_temple, sprint2_basic_supplies,
          sprint2_obstacle_1, sprint2_obstacle_6, sprint2_obstacle_7,
          sprint2_obstacle_3, sprint2_obstacle_5, sprint2_timed_cluster_1,
          sprint2_smallroom_cluster_1, sprint2_smallroom_final_cluster_1,
          sprint2_transparent_cluster_1, sprint2_second_timed_cluster_1,
          sprint2_sniper_area_1, sprint2_heavy_combat_area_1,
          sprint2_mutation_trap_area_1, sprint2_forest_area_1,
          sprint2_light_combat_area_1, sprint2_behind_water_1,
          sprint2_near_end_vault_1]

Skill      XL: |  1  2  3  4  5  6  7  8 |
---------------+-------------------------+-----
Stealth        | 9 10 11 13 14 15 16 | 16.0
Spellcasting   | 5 6 7 8 9 |  9.1
Hexes          | 5 6 7 8 9 |  9.5
Fighting       | 1 2 3 4 5 |  5.1
Short Blades   | 2 3 4 5 6 |  6.9
Dodging        | 3 4 6 7 8 |  8.5

Action                   |  1- 3 |  4- 6 |  7- 9 || total
-------------------------+-------+-------+-------++-------
Melee: Dagger            |     2 |     7 |    12 ||    21
 Cast: Ensorcelled Hiber |       |       |     1 ||     1
       Confusing Touch   |       |       |     1 ||     1
       Passwall          |       |       |     1 ||     1
  Use: Potion            |     2 |       |     1 ||     3
 Stab: Sleeping          |     2 |     7 |     4 ||    13
       Confused          |       |       |     1 ||     1
Dodge: Dodged            |       |       |     1 ||     1
